 Dungeon Crawl Stone Soup version 0.29.0-5-ge4962eb29e (webtiles) character file.

Game seed: 10848398496601372759

93 DuloT34 the Ogre Mage (level 4, -1/45 HPs)
             Began as an Ogre Hedge Wizard on Aug 29, 2022.
             Was a Believer of Dithmenos.
             Slain by Grinder (6 damage)
             ... on level 3 of the Dungeon.
             The game lasted 00:08:34 (3531 turns).

DuloT34 the Ogre Mage (Ogre Hedge Wizard)           Turns: 3531, Time: 00:08:35

Health: -1/45      AC:  3    Str: 14    XL:     4   Next: 61%
Magic:  10/10      EV:  9    Int: 17    God:    Dithmenos [**....]
Gold:   106        SH:  0    Dex:  8    Spells: 8/12 levels left

rFire   . . .      SeeInvis .   b - +0 arbalest
rCold   . . .      Faith    .   (shield currently unavailable)
rNeg    . . .      Spirit   .   k - +0 robe
rPois   .          Reflect  .   c - +0 hat
rElec   .          Harm     .   (no cloak)
rCorr   .          Rampage  .   (gloves unavailable)
Will    .....                   (boots unavailable)
Stlth   ++........              (no amulet)
HPRegen 0.15/turn               (no ring)
MPRegen 0.12/turn               (no ring)

@: mighty, about to teleport, weak-willed, wreathed by umbra
A: large, unfitting armour, tough skin 1
a: Renounce Religion, Shadow Step


You were on level 3 of the Dungeon.
You worshipped Dithmenos.
Dithmenos was pleased with you.
You visited 1 branch of the dungeon, and saw 3 of its levels.

You collected 106 gold pieces.

Inventory:

Hand Weapons
 a - a +2 dagger of venom
 b - a +0 arbalest (weapon)
Armour
 c - a +0 hat (worn)
 k - a +0 robe (worn)
Scrolls
 j - a scroll of magic mapping
 m - a scroll of identify
Potions
 d - a potion of magic
 e - 2 potions of mutation {unknown}
 f - 2 potions of heal wounds {unknown}
 g - a potion of berserk rage {unknown}
 h - 3 potions of might
 i - 2 potions of degeneration {unknown}
 n - a potion of curing {unknown}


   Skills:
 + Level 3.4 Fighting
 - Level 1.7 Dodging
 - Level 1.4 Stealth
 + Level 4.7 Spellcasting
 + Level 1.5 Conjurations
 - Level 0.8 Summonings
 - Level 0.8 Translocations


You had 8 spell levels left.
You knew the following spells:

 Your Spells              Type           Power      Damage    Failure   Level
a - Magic Dart            Conj           36%        1d4       8%          1
b - Mephitic Cloud        Conj/Pois/Air  5%         N/A       34%         3

Your spell library contained the following spells:

 Spells                   Type           Power      Damage    Failure   Level
 Slow                     Hex            16%        N/A       14%         1
 Blink                    Tloc           12%        N/A       16%         2
 Call Imp                 Summ           6%         N/A       16%         2
 Conjure Flame            Conj/Fire      6%         6-21      32%         3


Dungeon Overview and Level Annotations

Branches:
Dungeon (3/15)

Altars:
Dithmenos

Shops:
D:1 [

Annotations:
D:3 Grinder


Innate Abilities, Weirdness & Mutations

You are too large for most types of armour.
You have tough skin. (AC +1)


Message History

A giant cockroach comes into view.
A giant cockroach is nearby!
A giant cockroach is nearby!
Your +2 dagger of venom stops dripping with poison.
b - a +0 arbalest (weapon)
You shoot a bolt.
The bolt barely misses the giant cockroach.
You shoot a bolt. The bolt hits the giant cockroach.
The giant cockroach is almost dead.
You shoot a bolt. The bolt hits the giant cockroach!
You kill the giant cockroach!
Dithmenos accepts your kill.
No target in view!
Your +2 dagger of venom begins to drip with poison!
a - a +2 dagger of venom (weapon)
Found a stone staircase leading down.
You see here a giant cockroach corpse.
Your +2 dagger of venom stops dripping with poison.
b - a +0 arbalest (weapon)
Grinder comes into view.
Grinder shouts!
As you read the scroll labelled WUOTSE RADEYRPH, it crumbles to dust.
You feel strangely unstable.
It was a scroll of teleportation.
A sky beast comes into view.
Grinder gestures at you. Pain shoots through your body!
As you read the scroll labelled PYTENA DULANA, it crumbles to dust.
Magic quickly surges around you.
It was a scroll of vulnerability.
Grinder hits you.
As you read the scroll labelled HOCVAM EDDU, it crumbles to dust.
The creatures around you are filled with an inner flame!
It was a scroll of immolation.
Grinder hits you!
You writhe in agony.
It was a potion of might.
You feel very mighty all of a sudden.
The sky beast flickers out of sight!
Deactivating autopickup; reactivate with Ctrl-A.
Grinder hits you!
* * * LOW HITPOINT WARNING * * *
You writhe in agony.
You die...

#.# #.# #.#
#.# #.# #†#
#.#######..
#.#.5..{{..
#.#@# #.#.#
##.#.#
##....##
#..>...##
#.......#
#.......#
##....#.#
####.#.#


You could see Grinder (inner flame, weak-willed).

Vanquished Creatures
  3 adders (D:2)
  A gnoll (D:1)
  2 worms
  A dart slug (D:1)
  An orc (D:2)
  4 ball pythons
  2 endoplasms
  4 giant cockroaches
  4 goblins
  3 hobgoblins
  6 jackals
  2 quokkas
  2 bats (D:1)
  4 kobolds
  6 rats
45 creatures vanquished.

Notes
Turn   | Place    | Note
-------+----------+-------------------------------------------
     0 | D:1      | DuloT34 the Ogre Hedge Wizard began the quest for the Orb.
     0 | D:1      | Reached XP level 1. HP: 16/16 MP: 5/5
    74 | D:1      | Found a faded altar of an unknown god.
   119 | D:1      | Prayed at the altar of an unknown god.
   119 | D:1      | Became a worshipper of Dithmenos the Shadowed
   119 | D:1      | Reached * piety under Dithmenos
   169 | D:1      | Reached skill level 1 in Fighting
   207 | D:1      | Reached XP level 2. HP: 16/27 MP: 1/6
   421 | D:1      | Reached skill level 4 in Spellcasting
   493 | D:1      | Found Geshrac's Armour Boutique.
   928 | D:1      | Reached XP level 3. HP: 34/35 MP: 4/8
  1625 | D:2      | Learned a level 3 spell: Mephitic Cloud
  1756 | D:2      | Reached ** piety under Dithmenos
  1757 | D:2      | Reached skill level 1 in Conjurations
  1965 | D:2      | Reached XP level 4. HP: 44/45 MP: 5/10
  3527 | D:3      | Noticed Grinder
  3528 | D:3      | Noticed a sky beast
  3531 | D:3      | Slain by Grinder

Illustrated notes

Levels and vault maps discovered:
D:1:      minmay_arrival_nine_rooms, layout_basic, serial_shops,
          nicolae_shop_hallway_stairs, shapermc_ecumenical_altar_gd,
          minmay_pentomino_x2
D:2:      layout_basic, lightli_corner_chamber
D:3:      layout_loops_ring, makhleb_altar_promises_db, minmay_misc_feat_tiny,
          uniq_crazy_yiuf_cottage, uniq_grinder

Skill      XL: |  1  2  3 |
---------------+----------+-----
Fighting       | 1 2 3 |  3.4
Spellcasting   | 4 |  4.7
Conjurations   | 1 |  1.5
Dodging        | |  1.7
Stealth        | |  1.4
Summonings     | |  0.8
Translocations | |  0.8

Action                   |  1- 3 |  4- 6 || total
-------------------------+-------+-------++-------
Melee: Dagger            |    47 |    18 ||    65
 Fire: Arbalest          |     2 |    17 ||    19
 Cast: Magic Dart        |    63 |    42 ||   105
  Use: Scroll            |     2 |     3 ||     5
       Potion            |       |     1 ||     1
Armor: Robe              |    14 |    10 ||    24
Dodge: Dodged            |    41 |    12 ||    53
